[Event "Early-Titled-Tuesday-Blitz-January-23-2024"]
[Site "Chess.com"]
[Date "2024.01.23"]
[Round "2"]
[White "JimDiGrease"]
[Black "dennisodessa"]
[Result "0-1"]
[WhiteElo "2960"]
[BlackElo "2635"]
[TimeControl "180+1"]
[EndTime "8:19:38 PST"]
[Termination "dennisodessa won on time"]

1. d4 Nf6 2. c4 e6 3. Bf4 Bb4+ 4. Nd2 c5 5. dxc5 Bxc5 6. e3 O-O 7. Ngf3 d5 8. a3 a5 9. Be2 Nc6 10. Rc1 Be7 11.
O-O Nh5 12. Bg3 Nxg3 13. hxg3 Bf6 14. Qc2 Qb6 15. Rfd1 Qxb2 16. Qa4 Qb6 17. cxd5 exd5 18. Nb3 Be6 19. Nc5 Rac8 20. Nxe6 fxe6 21. Rb1 Qc7 22. Rdc1 Qe7 23. Qb3 Rc7 24. Bd3 Rfc8 25. Rc2 Ne5 26.
Nxe5 Bxe5 27. Rxc7 Rxc7 28. Qb6 Bd6 29. Qxa5 Bxa3 30. Rb6 g6 31. Kh2 Bd6 32. Rb1 Kg7 33. Qa1+ Qf6 34. Qa2 Rf7 35. Kg1 Bc5 36. Qe2 b6 37. Rb2 Qc3 38. Rb1 Qe5 39. g4 Qg5 40. g3 h5 41. gxh5 Qxh5 42. Qxh5 gxh5 43. Kg2 e5 44. e4 Rxf2+ 45. Kh3 Rd2 46. Rb3 Bg1 47. Kh4 Kh6 48. Bf1 Rh2+ 49. Bh3 dxe4 50. Rc3 Bc5 51.
g4 hxg4 52. Kxg4 Rf2 53. Kg3 Rf4 54. Bg4 Kg5 55. Be2 e3 56. Rd3 e4 57. Rd5+ Rf5 58.
Rxf5+ Kxf5 59. Kg2 Ke5 60. Kf1 Kd4 61. Ba6 Kc3 62. Ke2 Kb4 63. Bb7 b5 64. Bxe4 Kc3 65.
Bf5 b4 66. Be4 b3 67. Kd1 Kb2 68. Bd5 Ka2 69. Be6 Ka3 70. Bf5 Kb4 71. Bg6 Kc3 72.
Bf7 Bd4 73. Bg8 Be5 74. Bf7 Bf4 75. Bg8 Bh6 76. Bf7 Kb4 77. Bg8 Ka3 78. Bf7 b2 79. Bg6 Ka2 80. Bf7+ Ka1 81. Bg6 b1=Q+ 0-1

[Event "Early-Titled-Tuesday-Blitz-January-23-2024"]
[Site "Chess.com"]
[Date "2024.01.23"]
[Round "2"]
[White "cukus"]
[Black "noblerone"]
[Result "0-1"]
[WhiteElo "2296"]
[BlackElo "2526"]
[TimeControl "180+1"]
[EndTime "8:19:53 PST"]
[Termination "noblerone won on time"]

1. d4 d5 2. c4 c6 3. cxd5 cxd5 4.
Bf4 Nf6 5. e3 Nc6 6. Nc3 Bf5 7.
Qb3 Na5 8. Qa4+ Bd7 9. Qc2 e6 10. Bd3 Rc8 11. Nge2 Be7 12. O-O O-O 13. Rac1 Nc4 14.
b3 Nd6 15. Qb2 Qa5 16. a4 Nde4 17. Rc2 Nxc3 18. Nxc3 Nh5 19. Be5 f6 20. Bg3 Nxg3 21. hxg3 f5 22. Rfc1 a6 23. Ne2 Rxc2 24. Qxc2 Bd6 25.
Qc3 Qb6 26. a5 Qb4 27. Qxb4 Bxb4 28. Rc7 Bc6 29. Nf4 Re8 30. Bxa6 Bxa5 31. Bxb7 Bxc7 32.
Bxc6 Re7 33. b4 Bxf4 34. gxf4 Ra7 35. b5 Ra1+ 36. Kh2 Rb1 37. Kg3 Kf7 38. f3 Ke7 39. e4 fxe4 40. fxe4 dxe4 41. Bxe4 h6 42. Bc6 Kd6 43. Kf3 Rd1 44. Ke3 Rb1 45. g3 Rb3+ 46. Kf2 Rd3 47. Bf3 Rxd4 48. b6 Rb4 49. b7 Kc7 50. Ke3 g6 51. Be4 g5 52. fxg5 hxg5 53.
Kf3 e5 54. Ke3 g4 55. Bd5 Rd4 56.
Be4 Rb4 57. Bd5 Kb8 58. Be4 Rb3+ 59. Kf2 Rc3 60. Bd5 Rc5 61. Be4 Rc7 62. Ke3 Rc3+ 63. Kf2 Rb3 64. Bd5 Rb5 65. Be4 Rb2+ 66. Ke3 Rb3+ 67.
Kf2 Rb6 68. Bd5 Kc7 69. Ke3 Kd6 70. Be4 Rb3+ 71. Kf2 Kc5 72. Bf5 Kd4 73. Bc8 Rb2+ 74. Ke1 Ke3 75. Bxg4 Rb1+ 76. Bd1 Rxb7 77. g4 Rb2 78. g5 Rg2 79. Kf1 Rxg5 80. Bb3 Rg4 81. Bd5 Rd4 82. Bc6 e4 83. Bb7 Kf4 84. Ke2 e3 85.
Bc6 Rd2+ 86. Ke1 Ke5 87. Bb5 Kd4 88. Ba6 Rb2 89. Kd1 Kc3 90. Ke1 Rh2 91. Kf1 Kd2 92. Bb5 e2+ 0-1

[Event "Early-Titled-Tuesday-Blitz-January-23-2024"]
[Site "Chess.com"]
[Date "2024.01.23"]
[Round "2"]
[White "leopato"]
[Black "NovozhilovSemen"]
[Result "1-0"]
[WhiteElo "2234"]
[BlackElo "2657"]
[TimeControl "180+1"]
[EndTime "8:19:58 PST"]
[Termination "leopato won on time"]

1. d4 Nf6 2. c4 e6 3. Nc3 c5 4. d5 exd5 5. cxd5 d6 6. e4 g6 7.
f4 Bg7 8. Bb5+ Nfd7 9. Nf3 a6 10. Bxd7+ Nxd7 11. a4 O-O 12. O-O Re8 13. Re1 Rb8 14. a5 b5 15. axb6 Qxb6 16. Kh1 c4 17. Nd2 Qc7 18. Qe2 Rb4 19. Na2 Ra4 20. Qd1 Nc5 21.
Qc2 Qa5 22. Re3 Rxa2 23. Rxa2 Qxa2 24. Ra3 Qxa3 25. bxa3 c3 26. Nf3 Rxe4 27. h3 Bf5 28. g4 Rxf4 29. gxf5 Rxf3 30. fxg6 hxg6 31. Kg2 Rf5 32.
Qd1 Be5 33. Be3 Nd7 34. Qd3 Nf6 35. Qxa6 Nxd5 36. Qa8+ Kg7 37. Qxd5 Bf6 38. Qd3 Kh7 39. h4 d5 40. a4 d4 41. Bxd4 Rd5 42. Qxc3 Rxd4 43.
Qc7 Kg7 44. a5 Rxh4 45. a6 Ra4 46. a7 Bd4 47. Qd7 Ra2+ 48. Kf3 Bxa7 49. Qd3 Rh2 50. Qc3+ Kh7 51. Qc7 Rf2+ 52. Kg3 Bd4 53. Qd6 Be3 54. Qd3 Bc5 55. Kg4 Rf5 56. Qh3+ Kg7 57. Qc3+ Rf6 58.
Kg5 Be7 59. Kg4 Kh7 60. Qe5 Kg8 61. Qxe7 Rf5 62. Qe8+ Kg7 63. Qe4 Kf6 64. Qe3 Kg7 65. Qe2 Rf6 66. Kg3 Re6 67. Qd2 f5 68. Qb2+ Kf7 69.
Kf4 Re4+ 70. Kg5 Rg4+ 71. Kh6 f4 72. Qb3+ Kf6 73. Qc3+ Kf5 74. Qd3+ Ke5 75. Qc3+ Ke4 76. Qc2+ Kf3 77. Qd1+ Kg3 78. Qg1+ Kh3 79. Qh1+ Kg3 80.
Qg1+ Kf3 81. Qd1+ Ke3 82. Qxg4 f3 83. Qxg6 Kf2 84. Kg5 Kg2 85. Qe4 Kg3 86. Qf4+ Kg2 87. Qg4+ Kf2 88. Kf4 Ke2 89. Qxf3+ 1-0

[Event "Early-Titled-Tuesday-Blitz-January-23-2024"]
[Site "Chess.com"]
[Date "2024.01.23"]
[Round "2"]
[White "Irishchessman16"]
[Black "KevinGeorgeMicheal"]
[Result "0-1"]
[WhiteElo "2488"]
[BlackElo "2280"]
[TimeControl "180+1"]
[EndTime "8:20:06 PST"]
[Termination "KevinGeorgeMicheal won by resignation"]

1. e4 e5 2. Nf3 Nf6 3. Nxe5 d6 4. Nd3 Nxe4 5. Nf4 Nf6 6. d4 d5 7. Bd3 Bd6 8. O-O O-O 9. Nc3 c6 10. Nce2 Re8 11. Ng3 Nbd7 12. c3 Qc7 13. Qf3 Nf8 14. h3 Ne6 15. Nfh5 Nxh5 16. Nxh5 Nf8 17. Bh6 Ne6 18. Bxg7 Nxg7 19. Nf6+ Kf8 20. Nxh7+ Kg8 21. Nf6+ Kf8 22. Nxe8 Kxe8 23. c4 Be6 24. Rfe1 Kf8 25.
cxd5 Bxd5 26. Be4 Bxe4 27. Rxe4 Re8 28. Rxe8+ Kxe8 29. Re1+ Ne6 30. Qh5 Ke7 31. Qh4+ Ke8 32. Qh8+ Bf8 33. g3 Qd6 34. h4 Qb4 35. Re2 Qc4 36.
Qe5 Qxa2 37. Qb8+ Ke7 38. Qxb7+ Kf6 39. Qxc6 Qa1+ 40. Kg2 Kg7 41. d5 Nd4 42. Qc3 Bc5 43. Re4 Qd1 44. Rf4 Bb6 45. h5 Qa4 46. d6 Qd7 47.
Rxd4 Bxd4 48. Qxd4+ Kh7 49. Qe4+ Kg7 50. Qe5+ Kh7 51. Qe7 Qc6+ 52. Kh2 Qf3 53. d7 Qxf2+ 54. Kh3 Qf1+ 55. Kg4 Qd1+ 56. Kf4 Qf1+ 57. Ke5 Qe1+ 58. Kd6 Qb4+ 59. Kc7 Qxe7 60. Kc8 Qc5+ 61. Kb7 Qd6 62. Kc8 Qc6+ 63. Kd8 Kh6 64. Ke7 Qe4+ 65. Kxf7 Qd5+ 66. Ke7 Qe5+ 67. Kf7 Qd6 68. Ke8 Qe6+ 69. Kd8 Kxh5 70. Kc7 Qc4+ 71. Kb7 Qd5+ 72. Kc7 Qc5+ 73. Kb7 Qd6 74.
Kc8 Qc6+ 75. Kd8 Kg6 76. Ke7 Qe4+ 77. Kd6 Qd4+ 78. Kc6 Kf7 79. Kb7 Qxd7+ 0-1

[Event "Early-Titled-Tuesday-Blitz-January-23-2024"]
[Site "Chess.com"]
[Date "2024.01.23"]
[Round "2"]
[White "Knightmare1014"]
[Black "crazy_m_attack"]
[Result "0-1"]
[WhiteElo "2164"]
[BlackElo "2473"]
[TimeControl "180+1"]
[EndTime "8:20:08 PST"]
[Termination "crazy_m_attack won by checkmate"]

1. e4 e5 2. Nf3 Nc6 3. Bb5 a6 4.
Ba4 Nf6 5. O-O Be7 6. Re1 b5 7.
Bb3 O-O 8. a4 b4 9. d4 d6 10.
dxe5 Nxe5 11. Nxe5 dxe5 12. Qe2 Bc5 13. Be3 Qe7 14.
Nd2 a5 15. Bc4 Bb7 16. f3 Rfd8 17. Nb3 Bxe3+ 18. Qxe3 Nd7 19. Rad1 Nb6 20. Bb5 c6 21. Qxb6 cxb5 22. axb5 Rdb8 23. Qe3 Bc8 24. b6 Be6 25. Nc5 Rxb6 26. Nd3 Rb5 27. f4 Bg4 28. Rd2 exf4 29. Nxf4 Re8 30. Qd3 Qa7+ 31. Kh1 Rbe5 32. h3 Bc8 33.
Rde2 Ba6 34. Qe3 Qa8 35. Rd2 Bb7 36. Qd4 h6 37. Nd3 Rxe4 38. Rxe4 Rxe4 39. Qf2 Re8 40. Nc5 Bc6 41. Rd1 Qc8 42. Kg1 Bb5 43. Nd3 Bc6 44.
Rf1 Qb7 45. Nc5 Qe7 46. Nd3 Qc7 47. Nf4 Re5 48. Nd3 Rg5 49. g4 h5 50. Qf4 Qxf4 51. Rxf4 hxg4 52. Rxg4 Rh5 53. Kh2 Bd7 54. Rg3 Bf5 55. Nf4 Rh4 56. Nd5 Bxc2 57. Re3 Be4 58. Nb6 Bc6 59. Rd3 Rh6 60. Nc8 Kh7 61. Ne7 Be4 62. Re3 Re6 63. Nc8 a4 64. Na7 Bf5 65. Rf3 Be4 66. Re3 Bd5 67. Rd3 Re2+ 68. Kg3 Be6 69. Rd4 Rxb2 70. Nc6 a3 71. Nxb4 a2 72. Nxa2 Rxa2 73. Rh4+ Kg8 74. Rd4 Ra3+ 75. Kf2 Rxh3 76. Rd8+ Kh7 77. Rb8 Rh6 78. Ra8 f5 79. Kf3 g5 80.
Ra7+ Kg6 81. Ra6 Kf6 82. Rb6 g4+ 83. Kf4 Rh1 84. Ra6 Rf1+ 85. Kg3 Rf3+ 86. Kg2 Rb3 87. Rc6 f4 88. Ra6 Ke5 89. Ra5+ Bd5+ 90. Kf2 g3+ 91. Kg1 Rb1# 0-1

[Event "Early-Titled-Tuesday-Blitz-January-23-2024"]
[Site "Chess.com"]
[Date "2024.01.23"]
[Round "3"]
[White "publicaccountcze"]
[Black "azikom"]
[Result "0-1"]
[WhiteElo "2311"]
[BlackElo "2700"]
[TimeControl "180+1"]
[EndTime "8:21:50 PST"]
[Termination "azikom won by resignation"]

1. e4 c5 2. Nc3 e6 3. f4 a6 4.
Nf3 d5 5. exd5 exd5 6. d4 Nf6 7.
Be2 Nc6 8. O-O cxd4 9. Nxd4 Bc5 10. Be3 O-O 11. Nxc6 Bxe3+ 0-1

[Event "Early-Titled-Tuesday-Blitz-January-23-2024"]
[Site "Chess.com"]
[Date "2024.01.23"]
[Round "3"]
[White "Goffredo_Fofi"]
[Black "DarZay"]
[Result "1-0"]
[WhiteElo "2551"]
[BlackElo "2268"]
[TimeControl "180+1"]
[EndTime "8:22:41 PST"]
[Termination "Goffredo_Fofi won by resignation"]

1. e4 c5 2. d3 Nc6 3. g3 f5 4.
exf5 Nf6 5. g4 h6 6. Bg2 d5 7. Nc3 Ne5 8. h3 e6 9. fxe6 Bxe6 10. Qe2 Bd6 11. f4 Qb8 12. Nb5 Bxg4 13. hxg4 Nxg4 14. Nxd6+ Qxd6 15. fxe5 1-0

[Event "Early-Titled-Tuesday-Blitz-January-23-2024"]
[Site "Chess.com"]
[Date "2024.01.23"]
[Round "3"]
[White "Klavdia_Nik"]
[Black "Khromkin"]
[Result "1-0"]
[WhiteElo "2171"]
[BlackElo "2390"]
[TimeControl "180+1"]
[EndTime "8:22:44 PST"]
[Termination "Klavdia_Nik won by resignation"]

1. Nf3 c5 2. c4 Nc6 3. d4 cxd4 4. Nxd4 g6 5. e4 Bg7 6. Be3 Nf6 7. Nc3 Ng4 8. Qxg4 Nxd4 9. Bxd4 Bxd4 10. O-O-O Bxc3 11. bxc3 Qa5 12. Qe2 Qxc3+ 13. Kb1 b5 14. Qb2 Qe5 15.
Qxe5 1-0

[Event "Early-Titled-Tuesday-Blitz-January-23-2024"]
[Site "Chess.com"]
[Date "2024.01.23"]
[Round "3"]
[White "StankovicIvan"]
[Black "starworld123"]
[Result "0-1"]
[WhiteElo "2519"]
[BlackElo "2841"]
[TimeControl "180+1"]
[EndTime "8:22:48 PST"]
[Termination "starworld123 won by resignation"]

1. e4 d6 2. c4 Nf6 3. Nc3 c5 4.
g3 Nc6 5. Bg2 g6 6. Nge2 Bg7 7.
d3 O-O 8. O-O Rb8 9. Rb1 Bd7 10.
a3 a6 11. b4 cxb4 12. axb4 b5 13. cxb5 axb5 14. h3 Ne8 15. Be3 Nc7 16. Qd2 Na6 17. Na2 Be6 18. Nec3 Nd4 19. Nd5 Bxd5 20. exd5 Rc8 21.
Nc3 Rxc3 0-1

[Event "Early-Titled-Tuesday-Blitz-January-23-2024"]
[Site "Chess.com"]
[Date "2024.01.23"]
[Round "3"]
[White "kai_nov"]
[Black "koncheto"]
[Result "0-1"]
[WhiteElo "2293"]
[BlackElo "2565"]
[TimeControl "180+1"]
[EndTime "8:23:00 PST"]
[Termination "koncheto won by resignation"]

1. d4 Nf6 2. c4 e6 3. Nc3 c5 4. d5 exd5 5. cxd5 d6 6. e4 g6 7.
Nf3 a6 8. a4 Bg4 9. Be2 Bxf3 10.
gxf3 Bg7 11. Be3 Nbd7 12. f4 O-O 13. Qc2 Rc8 14. b3 Nxe4 15. Nxe4 Bxa1 16. O-O Bg7 17. Nxd6 Rc7 18. f5 Ne5 19. Nc4 Qxd5 20. f4 Nxc4 21.
Bxc4 Qxf5 0-1

[Event "Early-Titled-Tuesday-Blitz-January-23-2024"]
[Site "Chess.com"]
[Date "2024.01.23"]
[Round "3"]
[White "KevinGeorgeMicheal"]
[Black "whiteglovethief"]
[Result "1-0"]
[WhiteElo "2313"]
[BlackElo "2537"]
[TimeControl "180+1"]
[EndTime "8:23:06 PST"]
[Termination "KevinGeorgeMicheal won by resignation"]

1. e4 e6 2. d4 d5 3. exd5 exd5 4. Nf3 Bd6 5. Bd3 Ne7 6. O-O O-O 7. h3 Bf5 8. Bxf5 Nxf5 9. c3 h6 10.
Qd3 Qf6 11. Re1 Nd7 12. Nbd2 Rfe8 13. Nf1 Rxe1 14. Nxe1 Nh4 15. Bd2 Re8 16. Nc2 Qg5 17. Bxg5 1-0

[Event "Early-Titled-Tuesday-Blitz-January-23-2024"]
[Site "Chess.com"]
[Date "2024.01.23"]
[Round "3"]
[White "Harry_Rakkel"]
[Black "Roedor"]
[Result "1-0"]
[WhiteElo "2656"]
[BlackElo "2305"]
[TimeControl "180+1"]
[EndTime "8:23:10 PST"]
[Termination "Harry_Rakkel won by resignation"]

1. e4 e5 2. Nf3 Nc6 3. Bc4 Bc5 4.
d3 Nf6 5. O-O d6 6. c3 a5 7.
Nbd2 Ba7 8. h3 Rg8 9. Ng5 d5 10. exd5 Nxd5 11. Qh5 g6 12. Qxh7 Rf8 13. Nde4 1-0

[Event "Early-Titled-Tuesday-Blitz-January-23-2024"]
[Site "Chess.com"]
[Date "2024.01.23"]
[Round "3"]
[White "Viktor_Poddubnyi"]
[Black "GiorgianBarbosa"]
[Result "1-0"]
[WhiteElo "2262"]
[BlackElo "2440"]
[TimeControl "180+1"]
[EndTime "8:23:19 PST"]
[Termination "Viktor_Poddubnyi won by resignation"]

1. e4 c6 2. d4 d5 3. exd5 cxd5 4. c4 Nf6 5. Nc3 e6 6. Nf3 Be7 7. cxd5 Nxd5 8. Bc4 O-O 9. O-O Nc6 10. Re1 b6 11. Nxd5 exd5 12. Bb5 Bb7 13. Qa4 h6 14. Bxc6 Bxc6 15. Qxc6 Rc8 16. Qa4 Rc7 17. Be3 Bf6 18. Rac1 Rxc1 19. Rxc1 Re8 20. Qxa7 g5 21. Qc7 Qa8 22.
Qc6 Qxc6 23. Rxc6 1-0

[Event "Early-Titled-Tuesday-Blitz-January-23-2024"]
[Site "Chess.com"]
[Date "2024.01.23"]
[Round "3"]
[White "Sychev_Klementy"]
[Black "winniethepooh04"]
[Result "1-0"]
[WhiteElo "2771"]
[BlackElo "2444"]
[TimeControl "180+1"]
[EndTime "8:23:26 PST"]
[Termination "Sychev_Klementy won by resignation"]

1. e4 e6 2. Qe2 d5 3. exd5 Qxd5 4. Nc3 Qd8 5. Nf3 Nf6 6. g4 Nxg4 7. Rg1 Nf6 8. d4 Nbd7 9. Bf4 c5 10. O-O-O a6 11.
dxc5 Bxc5 12. Rxg7 Qa5 13. Rxf7 Kxf7 14. Ng5+ Kg6 15.
Qxe6 Rf8 16. Bd3+ Kg7 17. Rg1 Kh8 18. Nf7+ Rxf7 19. Qxf7 Bf8 20. Bxh7 1-0

[Event "Early-Titled-Tuesday-Blitz-January-23-2024"]
[Site "Chess.com"]
[Date "2024.01.23"]
[Round "3"]
[White "quvnoq_muxlis"]
[Black "FGHSMN"]
[Result "0-1"]
[WhiteElo "2664"]
[BlackElo "2995"]
[TimeControl "180+1"]
[EndTime "8:23:29 PST"]
[Termination "FGHSMN won by resignation"]

1. e4 e5 2. Nf3 Nc6 3. Bc4 f5 4. d4 fxe4 5. Nxe5 d5 6. Bb5 Qd6 7.
Nxc6 bxc6 8. Qh5+ g6 9. Bxc6+ Qxc6 10. Qe5+ Kf7 11. Qxh8 Nf6 12. Bg5 Bg7 13. Qd8 Ba6 14. Bxf6 Rxd8 15. Bxd8 Qxc2 16. Nd2 Bh6 17. Rd1 Qd3 0-1

[Event "Early-Titled-Tuesday-Blitz-January-23-2024"]
[Site "Chess.com"]
[Date "2024.01.23"]
[Round "3"]
[White "wannabe2700"]
[Black "Ceejay271"]
[Result "0-1"]
[WhiteElo "2613"]
[BlackElo "2514"]
[TimeControl "180+1"]
[EndTime "8:23:42 PST"]
[Termination "Ceejay271 won by resignation"]

1. b3 e5 2. Bb2 Nc6 3. e3 d5 4. Bb5 Bd6 5. f4 f6 6. Qh5+ g6 7. Qh4 Ne7 8. Qxf6 Rf8 9. Qg7 exf4 10. Qxh7 fxe3 11. Nf3 Bg4 12. Ne5 Bxe5 13. Bxe5 exd2+ 14. Nxd2 Qd7 15. Nf3 Bxf3 16. gxf3 Qe6 17. Qg7 O-O-O 18.
Bxc6 Rf7 0-1

[Event "Early-Titled-Tuesday-Blitz-January-23-2024"]
[Site "Chess.com"]
[Date "2024.01.23"]
[Round "3"]
[White "Skatchkov_V"]
[Black "LastHeroJr"]
[Result "1-0"]
[WhiteElo "2626"]
[BlackElo "2432"]
[TimeControl "180+1"]
[EndTime "8:23:51 PST"]
[Termination "Skatchkov_V won by resignation"]

1. d4 d5 2. c4 e6 3. Nf3 Nf6 4.
g3 Be7 5. Bg2 O-O 6. Nc3 c6 7.
O-O Nbd7 8. Qd3 b6 9. e4 Ba6 10. b3 c5 11. exd5 exd5 12. Rd1 dxc4 13. bxc4 cxd4 14.
Nxd4 Rc8 15. Nc6 Qe8 16. Re1 Nc5 17. Qf3 Ne6 18. Nxe7+ Qxe7 19. Nd5 Nxd5 20. cxd5 Qb4 21. Ba3 1-0

[Event "Early-Titled-Tuesday-Blitz-January-23-2024"]
[Site "Chess.com"]
[Date "2024.01.23"]
[Round "3"]
[White "Chesstiger64"]
[Black "GlavkonVVS"]
[Result "0-1"]
[WhiteElo "2244"]
[BlackElo "2482"]
[TimeControl "180+1"]
[EndTime "8:23:59 PST"]
[Termination "GlavkonVVS won by resignation"]

1. d4 Nf6 2. Nf3 c5 3. d5 e6 4. Nc3 exd5 5. Nxd5 Nxd5 6. Qxd5 d6 7. e4 Nc6 8. Bb5 Qa5+ 9. Bd2 Qxb5 10. Bc3 Be6 11. Qd2 f6 12. O-O-O Bxa2 13. Nh4 O-O-O 14. Nf5 Be6 15.
g4 Qa4 16. Qe3 d5 17. exd5 Bxd5 18. Rxd5 Qa1+ 19. Kd2 Rxd5+ 20. Ke2 Qxh1 21. Qe6+ Kc7 22. Ne3 Rd7 23. f3 Qxh2+ 24. Kf1 Qd6 25. Be5 fxe5 0-1

[Event "Early-Titled-Tuesday-Blitz-January-23-2024"]
[Site "Chess.com"]
[Date "2024.01.23"]
[Round "3"]
[White "hurricane7791"]
[Black "RichardLeyvaP"]
[Result "1-0"]
[WhiteElo "2695"]
[BlackElo "2494"]
[TimeControl "180+1"]
[EndTime "8:24:05 PST"]
[Termination "hurricane7791 won by resignation"]

1. d4 Nf6 2. c4 g6 3. Nc3 Bg7 4. e4 d6 5. h3 c5 6. d5 e6 7. Bd3 O-O 8. Nf3 exd5 9. exd5 Re8+ 10.
Be3 Rxe3+ 11. fxe3 Qe7 12. O-O Nfd7 13. Qd2 Ne5 14.
Nxe5 Bxe5 15. Rf3 Bd7 16. Raf1 Be8 17. Qf2 Nd7 18. g4 Bxc3 19. bxc3 Ne5 20. e4 Nxf3+ 21. Qxf3 Bd7 22. Qf4 Rf8 23. Kg2 Kg7 24. Kg3 Qe5 25.
Qxe5+ dxe5 26. Rb1 Bc8 27. a4 b6 28. a5 bxa5 29.
Rb5 a4 30. Rxc5 Bd7 31. Rc7 Rd8 32. Rxa7 1-0

[Event "Early-Titled-Tuesday-Blitz-January-23-2024"]
[Site "Chess.com"]
[Date "2024.01.23"]
[Round "3"]
[White "Grindaveci"]
[Black "bangchess21"]
[Result "0-1"]
[WhiteElo "2510"]
[BlackElo "2772"]
[TimeControl "180+1"]
[EndTime "8:24:09 PST"]
[Termination "bangchess21 won by resignation"]

1. e4 c5 2. c3 g6 3. Nf3 Bg7 4.
Be2 e6 5. d4 cxd4 6. Nxd4 a6 7.
O-O Nc6 8. Be3 Nge7 9. Nb3 d5 10.
N1d2 O-O 11. a4 d4 12. cxd4 Nxd4 13. Nxd4 Bxd4 14. Nc4 Bxe3 15. Nxe3 Bd7 16. Nc4 Bc6 17. Bf3 Qxd1 18. Rfxd1 Rfd8 19. Ne5 Rxd1+ 20. Rxd1 Bxa4 21.
Rd6 Rc8 22. h4 h5 23. Rb6 Rc7 24. Nd3 Bb5 25. Nb4 Nc8 0-1

[Event "Early-Titled-Tuesday-Blitz-January-23-2024"]
[Site "Chess.com"]
[Date "2024.01.23"]
[Round "3"]
[White "the_blue_pill"]
[Black "Huragan007"]
[Result "0-1"]
[WhiteElo "2268"]
[BlackElo "2549"]
[TimeControl "180+1"]
[EndTime "8:24:17 PST"]
[Termination "Huragan007 won by resignation"]

1. e4 c5 2. Nf3 d6 3. d4 cxd4 4.
Nxd4 Nf6 5. Nc3 g6 6. Be3 Bg7 7.
f3 Nc6 8. Qd2 O-O 9. Bc4 Bd7 10.
O-O-O Na5 11. Bd3 Rb8 12. Kb1 b5 13. Ndxb5 a6 14. Nd4 Qb6 15. Nb3 Nxb3 16. axb3 Qb7 17. Bc4 Rfc8 18. Nd5 Rxc4 19. Nb6 Rc6 20. Nxd7 Nxd7 21.
h4 Ne5 22. h5 Nc4 23. Qd5 Nxe3 24. hxg6 Nxd5 0-1

[Event "Early-Titled-Tuesday-Blitz-January-23-2024"]
[Site "Chess.com"]
[Date "2024.01.23"]
[Round "3"]
[White "KVAIDAN"]
[Black "Young_Catalan_Player09"]
[Result "0-1"]
[WhiteElo "2360"]
[BlackElo "2567"]
[TimeControl "180+1"]
[EndTime "8:24:21 PST"]
[Termination "Young_Catalan_Player09 won by checkmate"]

1. f4 e5 2. d3 exf4 3. Bxf4 d5 4. Nf3 Bd6 5. Qd2 Nf6 6. Nc3 Bg4 7. O-O-O Nc6 8. e4 Bxf3 9. gxf3 O-O 10. Rg1 d4 11.
Nb5 Bxf4 12. Qxf4 a6 13. Nxc7 Nh5 14. Qg4 Qxc7 15. Qxh5 Nb4 16. Rg2 Rac8 17. Qh6 g6 18.
Qd2 Nxa2+ 19. Kb1 Nc3+ 20. bxc3 dxc3 21. Qc1 Qb6+ 22. Ka2 Rc5 23. Qa3 Ra5 24. Qxa5 Qb2# 0-1

[Event "Early-Titled-Tuesday-Blitz-January-23-2024"]
[Site "Chess.com"]
[Date "2024.01.23"]
[Round "3"]
[White "NtcPou"]
[Black "KanalSzachowy"]
[Result "0-1"]
[WhiteElo "1999"]
[BlackElo "2344"]
[TimeControl "180+1"]
[EndTime "8:24:24 PST"]
[Termination "KanalSzachowy won by resignation"]

1. e4 c5 2. Nf3 Nc6 3. Bb5 Nf6 4. Nc3 Qc7 5. O-O Nd4 6. Re1 a6 7. Bf1 e5 8. d3 Be7 9. Bg5 h6 10. Bxf6 Bxf6 11. Nd5 Qd8 12. c3 Nxf3+ 13. Qxf3 d6 14.
b4 cxb4 15. cxb4 Be6 16. Ne3 O-O 17. Nf5 d5 18. exd5 Bxd5 19. Qg3 h5 20. Rac1 g6 21. Nh4 Bxh4 22. Qe3 Bg5 23. Qc5 Bxc1 24. Rxc1 Rc8 0-1

[Event "Early-Titled-Tuesday-Blitz-January-23-2024"]
[Site "Chess.com"]
[Date "2024.01.23"]
[Round "3"]
[White "diamonds13"]
[Black "NovoselovRoman"]
[Result "0-1"]
[WhiteElo "2351"]
[BlackElo "2540"]
[TimeControl "180+1"]
[EndTime "8:24:30 PST"]
[Termination "NovoselovRoman won by resignation"]

1. d4 Nf6 2. c4 e5 3. d5 Bc5 4. Nc3 d6 5. h3 c6 6. e4 O-O 7. Bg5 cxd5 8. Nxd5 Bxf2+ 9. Kxf2 Nxe4+ 10. Ke3 Nxg5 11. h4 Ne6 12. g4 Nc6 13. Bd3 Ne7 14. Ne2 Nxd5+ 15. cxd5 Nd4 16. Nxd4 exd4+ 17. Kd2 Qa5+ 18.
Kc2 Qxd5 19. Qe2 Bd7 20. Qe4 Qc5+ 21. Kd1 f5 22. Qe7 Rf7 23. Qg5 Ba4+ 24. Kd2 Qb4+ 25.
Ke2 Qxb2+ 0-1

[Event "Early-Titled-Tuesday-Blitz-January-23-2024"]
[Site "Chess.com"]
[Date "2024.01.23"]
[Round "3"]
[White "KononenkoD"]
[Black "supereagles1201"]
[Result "0-1"]
[WhiteElo "2549"]
[BlackElo "2362"]
[TimeControl "180+1"]
[EndTime "8:24:36 PST"]
[Termination "supereagles1201 won on time"]

1. e4 c5 2. Nf3 g6 3. d4 cxd4 4.
Qxd4 Nf6 5. Bb5 a6 6. e5 axb5 7.
exf6 e6 8. O-O Nc6 9. Qd3 Qxf6 10. Nc3 Bg7 0-1

[Event "Early-Titled-Tuesday-Blitz-January-23-2024"]
[Site "Chess.com"]
[Date "2024.01.23"]
[Round "3"]
[White "Shodikulov_Jamshid1990"]
[Black "norwaytoadog"]
[Result "0-1"]
[WhiteElo "2481"]
[BlackElo "2288"]
[TimeControl "180+1"]
[EndTime "8:24:41 PST"]
[Termination "norwaytoadog won by resignation"]

1. e4 c5 2. Nf3 d6 3. d4 cxd4 4. Nxd4 Nf6 5. Nc3 a6 6. Be2 e5 7. Nb3 Be7 8. Bg5 Be6 9. Bxf6 Bxf6 10. Qd3 O-O 11. O-O-O Be7 12. Nd5 Bxd5 13. Qxd5 Qc7 14. Kb1 Nd7 15. g3 b5 16. f4 Nb6 17. Qd3 Nc4 18.
Nd2 Rfc8 19. Nxc4 bxc4 20. Qd5 Rab8 21. Ka1 Qb6 22. b3 Rc5 23. Qd2 exf4 24. Bxc4 Rxc4 0-1

[Event "Early-Titled-Tuesday-Blitz-January-23-2024"]
[Site "Chess.com"]
[Date "2024.01.23"]
[Round "3"]
[White "LangesNasenhaar"]
[Black "HajiyevKanan"]
[Result "0-1"]
[WhiteElo "2427"]
[BlackElo "2606"]
[TimeControl "180+1"]
[EndTime "8:24:42 PST"]
[Termination "HajiyevKanan won by resignation"]

1. d4 d5 2. Nc3 c6 3. Bf4 a6 4. e3 Nf6 5. Nf3 Bg4 6. h3 Bxf3 7. Qxf3 e6 8. Bd3 Bd6 9. O-O-O Bxf4 10. exf4 Nbd7 11.
f5 exf5 12. Bxf5 O-O 13. g4 Re8 14. g5 Ne4 15. Nxe4 dxe4 16. Bxe4 Qxg5+ 17. Kb1 Nf6 18. Bd3 Qd5 19. Qg3 Ne4 20. Bxe4 Rxe4 21. Rhg1 g6 22.
c3 Rae8 23. a3 Re2 24. Qd3 Rxf2 25. Ka1 Ree2 26. Rb1 Qb3 27. Qg3 Qxa3+ 0-1

[Event "Early-Titled-Tuesday-Blitz-January-23-2024"]
[Site "Chess.com"]
[Date "2024.01.23"]
[Round "3"]
[White "Chessdreamer2020"]
[Black "fks_stal_mielec"]
[Result "1-0"]
[WhiteElo "2548"]
[BlackElo "2250"]
[TimeControl "180+1"]
[EndTime "8:24:44 PST"]
[Termination "Chessdreamer2020 won by resignation"]

1. e4 c5 2. Nf3 Nc6 3. Bb5 Nd4 4. Nxd4 cxd4 5. O-O g6 6. d3 Bg7 7. Nd2 Qb6 8. Bc4 e6 9. f4 Ne7 10. Nf3 d6 11. a4 a6 12. a5 Qb4 13. Bd2 Qc5 14. b4 Qc7 15. e5 d5 16. Bb3 O-O 17. Nxd4 f6 18. Nf3 fxe5 19. Nxe5 Bxe5 20. fxe5 Qxe5 21. Rxf8+ Kxf8 22. Qf3+ Kg7 23. Rf1 Qf5 24. Qg3 Qh5 25.
Qc7 Qh4 26. Rf4 Qg5 27. Rf7+ Kxf7 28. Bxg5 1-0

[Event "Early-Titled-Tuesday-Blitz-January-23-2024"]
[Site "Chess.com"]
[Date "2024.01.23"]
[Round "3"]
[White "GothamChess"]
[Black "dropstoneDP"]
[Result "0-1"]
[WhiteElo "2755"]
[BlackElo "3060"]
[TimeControl "180+1"]
[EndTime "8:24:45 PST"]
[Termination "dropstoneDP won by resignation"]

1. e4 e5 2. Nf3 Nf6 3. d3 Nc6 4. c3 d5 5. Qc2 a5 6. a4 Bc5 7. Be2 h6 8. Nbd2 O-O 9. h3 Re8 10.
Nf1 dxe4 11. dxe4 Nh5 12. Be3 Qe7 13. g3 Be6 14. Nxe5 Nxe5 15. Bxh5 Rad8 16. Be2 Bc4 17. Rd1 Rxd1+ 18. Kxd1 Rd8+ 19. Nd2 Bxe3 20. fxe3 Qg5 21. b3 Bxe2+ 22. Kxe2 Qxg3 23. Rf1 Qxh3 0-1